 Dungeon Crawl Stone Soup version 0.29-a0-838-g385bb11a5b (webtiles) character file.

Game seed: 4442325349496348901

174 IdlyInterested the Cudgeller (level 5, -2/35 (38) HPs)
             Began as a Demonspawn Gladiator on July 13, 2022.
             Slain by a wight
             ... wielding a +0 dagger
              (3 damage)
             ... in a sewer.
             The game lasted 00:11:04 (3212 turns).

IdlyInterested the Cudgeller (Demonspawn Gladiator) Turns: 3212, Time: 00:11:05

HP:   -2/35 (38)    AC:  8    Str: 16    XL:     5   Next: 28%
MP:   5/5           EV: 10    Int:  9    God:
Gold: 85            SH:  0    Dex: 15    Spells: 4/4 levels left

rFire   . . .      SeeInvis .   a - +0 flail
rCold   . . .      Faith    .   (no shield)
rNeg    . . .      Spirit   .   i - +0 scale mail
rPois   .          Reflect  .   (helmet restricted)
rElec   .          Harm     .   (no cloak)
rCorr   .          Rampage  .   (no gloves)
Will    +....                   (no boots)
Stlth   ..........              (no amulet)
HPRegen 0.11/turn               n - ring of willpower
MPRegen 0.09/turn               (no ring)

@: drained
A: horns 1, icy blue scales 1
a: no special abilities


You were in a sewer.
You visited 1 branch of the dungeon, and saw 3 of its levels.
You also visited: Sewer.

You collected 85 gold pieces.

Inventory:

Hand Weapons
 a - a +0 flail (weapon)
Missiles
 c - 8 boomerangs (quivered)
 d - 3 throwing nets
 e - a javelin
 o - 15 poisoned darts
Armour
 b - a +1 leather armour
 i - a +0 scale mail (worn)
Jewellery
 n - a ring of willpower (left hand)
Scrolls
 r - a scroll of torment {unknown}
 s - a scroll of enchant weapon {unknown}
Potions
 f - a potion of mutation
 h - a potion of invisibility {unknown}
 k - a potion of degeneration {unknown}
 m - a potion of might {unknown}


   Skills:
 - Level 2.0 Fighting
 + Level 3.6 Maces & Flails
 - Level 1.7 Throwing
 * Level 3.4 Armour
 - Level 2.6 Dodging
 - Level 1.0 Stealth
 - Level 1.0 Evocations


You had 4 spell levels left.
You didn't know any spells.
Your spell library contained the following spells:

 Spells                   Type           Power      Damage    Failure   Level
 Shock                    Conj/Air       0%         1d3       80%         1
 Swiftness                Air            0%         N/A       99%         3
 Airstrike                Air            0%         0-1+      100%        4
 Chain Lightning          Conj/Air       0%         N/A       100%        9
 Fire Storm               Conj/Fire      0%         5d1       100%        9
 Shatter                  Erth           0%         3d5*      100%        9


Dungeon Overview and Level Annotations

Branches:
Dungeon (3/15)              Sewer (1/1)

Altars:

Annotations:
Sewer Grinder


Innate Abilities, Weirdness & Mutations

You have a pair of small horns on your head.
You are partially covered in icy blue scales. (AC +2)


Message History

You closely miss Grinder. You headbutt Grinder!
Grinder is heavily wounded.
The shadow imp hits you but does no damage.
Grinder gestures at you. You resist with some effort.
The wight hits you with a +0 dagger.
The shadow imp hits you but does no damage.
You hit Grinder but do no damage.
Grinder is heavily wounded.
Grinder hits you but does no damage. The wight closely misses you.
A kobold comes into view. It is wielding a +0 dagger.
The shadow imp misses you. Grinder hits you.
You writhe in agony.
* * * LOW HITPOINT WARNING * * *
Unknown command.
The kobold shouts!
You hit Grinder.
Grinder is severely wounded.
The wight splashes around in the water.
The shadow imp closely misses you. Grinder barely misses you.
Unknown command.
You closely miss Grinder.
Grinder is severely wounded.
The wight hits you with a +0 dagger.
* * * LOW HITPOINT WARNING * * *
You feel drained.
* * * LOW HITPOINT WARNING * * *
The shadow imp gestures at you. Pain shoots through your body!
* * * LOW HITPOINT WARNING * * *
A ball python comes into view.
Grinder gestures at you. You resist with some effort.
The wight splashes around in the water.
The ball python hisses angrily.
You hit Grinder but do no damage. Your headbutt misses Grinder.
Grinder is severely wounded.
The shadow imp completely misses you. Grinder gestures at you.
Pain shoots through your body!
* * * LOW HITPOINT WARNING * * *
The wight hits you with a +0 dagger.
You die...

≈≈≈≈≈#...≈≈≈≈≈≈≈#≈≈≈#
≈≈≈≈≈#..)#≈≈≈≈≈≈#
≈≈≈≈≈≈...#≈≈≈≈≈≈#
≈≈≈≈≈#...#≈≈≈≈≈≈#
≈≈≈≈≈#...≈≈≈≈≈≈≈#
≈≈≈≈≈#...#≈≈≈≈≈≈#
≈≈≈≈...≈.).≈≈≈≈≈#
≈≈...#≈≈≈#..≈5z≈#
....#≈≈≈#...@5K# ###
##≈#######)#
...#.z.5..#
.....≈5≈≈≈5≈.≈≈#
≈#...#≈≈≈≈≈≈#≈≈≈#
####K ############


You could see Grinder, a wight, a shadow imp and a kobold.

Vanquished Creatures
  Terence (D:3)
  3 adders
  A river rat (D:3)
  2 shadow imps (Sewer)
  3 ufetubi (Sewer)
  2 worms
  2 dart slugs
  5 bats
  6 endoplasms
  3 giant cockroaches
  5 goblins
  5 hobgoblins
  2 jackals (D:1)
  13 kobolds
  3 quokkas
  5 ball pythons
  5 frilled lizards
  A giant cockroach zombie (Sewer)
  A kobold zombie (Sewer)
  3 rats
71 creatures vanquished.

Vanquished Creatures (collateral kills)
  An endoplasm (D:3)
  A hobgoblin (D:3)
  A quokka (D:3)
  A bat (D:3)
  2 kobolds (D:3)
6 creatures vanquished.

Grand Total: 77 creatures vanquished

Notes
Turn   | Place    | Note
-------+----------+-------------------------------------------
     0 | D:1      | IdlyInterested the Demonspawn Gladiator began the quest for
                  | the Orb.
     0 | D:1      | Reached XP level 1. HP: 16/16 MP: 1/1
   245 | D:1      | Reached skill level 1 in Armour
   246 | D:1      | Gained mutation: You have a pair of small horns on your
                  | head. [demonic ancestry]
   246 | D:1      | Reached XP level 2. HP: 17/22 MP: 2/2
  1550 | D:1      | Gained mutation: You are partially covered in icy blue
                  | scales. (AC +2) [demonic ancestry]
  1550 | D:1      | Reached XP level 3. HP: 25/27 MP: 3/3
  2311 | D:2      | Found a faded altar of an unknown god.
  2324 | D:2      | Reached XP level 4. HP: 17/33 MP: 4/4
  2604 | D:3      | Reached skill level 1 in Stealth
  2611 | D:3      | Noticed Terence
  2619 | D:3      | Killed Terence
  2679 | D:3      | Found a glowing drain.
  2724 | Sewer    | Entered a sewer
  2879 | Sewer    | Reached XP level 5. HP: 38/38 MP: 5/5
  2915 | Sewer    | Reached skill level 1 in Evocations
  3187 | Sewer    | Noticed Grinder
  3212 | Sewer    | HP: 1/35 [Grinder/nerve-wracking pain (3)]
  3212 | Sewer    | Slain by a wight

Illustrated notes

Levels and vault maps discovered:
D:1:      dpeg_arrival_lava_temple_mockup, layout_loops_cross,
          kennysheep_another_room
D:2:      layout_basic, chequers_ecumenical_altar_island, basic_altar
D:3:      layout_rooms, gup_sewer_entry_bubbles, serial_shops,
          nicolae_shop_competitors_out_of_business, uniq_terence
Sewer:    kennysheep_sewer_church

Skill      XL: |  1  2  3  4  5 |
---------------+----------------+-----
Armour         | 1 2 3 |  3.4
Maces & Flails | 3 |  3.6
Stealth        | 1 |  1.0
Evocations     | 1 |  1.0
Fighting       | |  2.0
Throwing       | |  1.7
Dodging        | |  2.6

Action                   |  1- 3 |  4- 6 || total
-------------------------+-------+-------++-------
Melee: Flail             |   112 |   127 ||   239
       Headbutt          |    17 |    15 ||    32
       Punch             |     1 |       ||     1
Throw: Javelin           |       |     1 ||     1
       Boomerang         |       |     1 ||     1
  Use: Scroll            |     3 |     6 ||     9
       Potion            |       |     2 ||     2
 Stab: Sleeping          |     1 |       ||     1
Armor: Leather armour    |    38 |    24 ||    62
       Scale mail        |       |    46 ||    46
Dodge: Dodged            |    88 |    87 ||   175

Table legend: (Time is in decaauts)
 A = Elapsed time spent in this place.
 B = Non-inter-level travel time spent in this place.
 C = Inter-level travel time spent in this place.
 D = Time resting spent in this place.
 E = Time spent auto-exploring this place.
 F = Levels seen in this place.
 G = Mean time per level.
                   A        B        C        D        E       F      G
               +--------+--------+--------+--------+--------+-----+--------+
         Total |   3294 |   3263 |     31 |   1323 |   1225 |   4 |  823.5 |
       Dungeon |   2785 |   2754 |     31 |   1021 |   1184 |   3 |  928.3 |
         Sewer |    509 |    509 |      0 |    302 |     40 |   1 |  509.0 |
               +--------+--------+--------+--------+--------+-----+--------+

Top non-repeatable levels by time:
     D:1: 1719 daAuts
     D:2: 886 daAuts
   Sewer: 509 daAuts
     D:3: 179 daAuts
